[Event "ICC tourney 1954 (60 10)"]
[Site "Internet Chess Club"]
[Date "2020.08.09"]
[Round "7"]
[White "KCchess"]
[Black "firelionpro"]
[Result "0-1"]
[ICCResult "White forfeits on time"]
[WhiteElo "463"]
[BlackElo "841"]
[Opening "KP: Indian opening"]
[ECO "C20"]
[NIC "KP.10"]
[Time "12:02:57"]
[TimeControl "3600+10"]

1. e4 e5 2. d3 Nc6 3. c3 Bc5 4. Be3 Bxe3 5. fxe3 Nf6 6. d4 exd4 7. exd4 d6
8. Be2 Nxe4 9. Bf3 Qh4+ 10. g3 Qe7 11. Qe2 d5 12. b4 O-O 13. Na3 Re8 14.
Bxe4 dxe4 15. Nc2 Qg5 16. Ne3 Bd7 17. h4 Qf6 18. Nd5 Qg6 19. Qe3 Bg4 20.
Nxc7 Bf3 21. Nxe8 Bxh1 22. Nc7 Rc8 23. Qf4 f6 24. Nd5 Re8 25. O-O-O Qf7 26.
Qd6 Rd8 27. Ne7+ Kf8 28. Qc7 Ke8 29. Qxb7 Nxe7 30. Qb5+ Kf8 31. c4 Rc8
{White forfeits on time}
0-1

[Event "ICC tourney 1954 (60 10)"]
[Site "Internet Chess Club"]
[Date "2020.08.09"]
[Round "7"]
[White "charlestxie"]
[Black "srinandasai12"]
[Result "0-1"]
[ICCResult "White resigns"]
[WhiteElo "1240"]
[BlackElo "1151"]
[Opening "King's Indian defense, 3.Nc3"]
[ECO "E61"]
[NIC "KI.80"]
[Time "12:02:33"]
[TimeControl "3600+10"]

1. d4 Nf6 2. c4 g6 3. Nc3 Bg7 4. Nf3 O-O 5. e3 d6 6. Bd3 c6 7. h3 a6 8. O-O
b5 9. Re1 Bb7 10. e4 Nbd7 11. Be3 Qc7 12. Rc1 bxc4 13. Bxc4 Qb8 14. Bf4 e5
15. dxe5 dxe5 16. Bh2 Re8 17. Qb3 Rf8 18. Bxe5 Nxe5 19. Nxe5 Qxe5 20. Qxb7
Qe8 21. Qb3 Nd7 22. Qc2 Ne5 23. Bb3 Nd7 24. Ba4 Qe6 25. b3 Nb6 26. Re3 Nxa4
27. Nxa4 Bh6 28. Nc5 Qe7 29. Rd3 Bxc1 30. Qxc1 Rfc8 31. Rd7 Qe5 32. Qc4 Qa1+
33. Kh2 Qe5+ 34. Kg1 Qg7 35. Ne6 Qa1+ 36. Kh2 Qe5+ {White resigns} 0-1

[Event "ICC tourney 1954 (60 10)"]
[Site "Internet Chess Club"]
[Date "2020.08.09"]
[Round "7"]
[White "Harper0717"]
[Black "Aadarsh99"]
[Result "1-0"]
[ICCResult "Black resigns"]
[WhiteElo "1296"]
[BlackElo "1048"]
[Opening "French defense"]
[ECO "C00"]
[NIC "FR.01"]
[Time "12:02:49"]
[TimeControl "3600+10"]

1. e4 e6 2. Nc3 d5 3. exd5 exd5 4. d4 Nf6 5. Qe2+ Be7 6. Nf3 Nc6 7. Bf4 Bg4
8. Qb5 Bxf3 9. gxf3 Rb8 10. Bh3 a6 11. Qd3 Nb4 12. Qe2 Nc6 13. Be3 Qd6 14.
a3 Nh5 15. Qd2 Nd8 16. O-O O-O 17. Bg4 Nf6 18. Bf5 Ne6 19. Kh1 Nh5 20. Rg1
Kh8 21. Rae1 Rg8 22. Bh3 Rbe8 23. Qc1 c6 24. Rd1 Bf6 25. Qb1 Nef4 26. Bf1 b5
27. Rg4 Bd8 28. Qa2 Bc7 29. Rg5 Nh3 30. Rg2 Re6 31. Bd3 N5f4 32. Rg3 Rf6 33.
Bf1 Qd7 34. Re1 Ng2 35. Rxg2 Rxf3 36. Be2 Qf5 37. Bxf3 Qxf3 38. Qb1 Bf4 39.
Qd1 {Black resigns} 1-0

[Event "ICC tourney 1954 (60 10)"]
[Site "Internet Chess Club"]
[Date "2020.08.09"]
[Round "7"]
[White "Jesserocks135"]
[Black "ruhanv"]
[Result "1-0"]
[ICCResult "Black checkmated"]
[WhiteElo "1279"]
[BlackElo "934"]
[Opening "QGD Slav defense: exchange variation"]
[ECO "D10"]
[NIC "SL.01"]
[Time "12:02:04"]
[TimeControl "3600+10"]

1. d4 d5 2. c4 c6 3. cxd5 cxd5 4. Nc3 Nf6 5. Bg5 Nbd7 6. Nf3 e6 7. a3 Bd6 8.
Nb5 Qa5+ 9. Nc3 O-O 10. e3 a6 11. Bd3 b5 12. O-O Bb7 13. Re1 Rfe8 14. Bf4 e5
15. dxe5 Nxe5 16. Nxe5 Bxe5 17. Bxe5 Rxe5 18. f4 Re7 19. h3 Rae8 20. Kf2 d4
21. Bxh7+ Kxh7 22. Qxd4 Ne4+ 23. Nxe4 Bxe4 24. b4 Qd8 25. Qc5 Qd5 26. Rac1
Qxc5 27. bxc5 Rc7 28. Red1 Rec8 29. Rd4 f5 30. g4 Rxc5 31. Rxc5 Rxc5 32.
gxf5 Bxf5 33. h4 Rc2+ 34. Kf3 Ra2 35. Rd5 Bc8 36. Rh5+ Kg8 37. Rc5 Bb7+ 38.
Kg4 Rxa3 39. Rc7 Bd5 40. Re7 Ra2 41. e4 Bf7 42. f5 Ra4 43. Kg5 b4 44. e5 b3
45. e6 Kf8 46. Rxf7+ Ke8 47. Rxg7 Rb4 48. Kf6 Kd8 49. e7+ Kd7 50. Rg8 Re4
51. Rd8+ Kc7 52. e8=Q Rxe8 53. Rxe8 a5 54. h5 a4 55. h6 a3 56. h7 a2 57.
h8=Q a1=Q+ 58. Kg6 Qg1+ 59. Kf7 Kb6 60. Rb8+ Kc5 61. Rxb3 Kc6 62. Qc8+ Kd5
63. Rd3+ Ke4 64. Qc4+ Ke5 65. Qd4+ Qxd4 66. Rxd4 Kxd4 67. f6 Ke5 68. Ke7 Kf5
69. f7 Kg6 70. f8=Q Kg5 71. Qf6+ Kg4 72. Ke6 Kg3 73. Ke5 Kg2 74. Ke4 Kg1 75.
Qb2 Kf1 76. Kf3 Ke1 77. Qe2# {Black checkmated} 1-0

[Event "ICC tourney 1954 (60 10)"]
[Site "Internet Chess Club"]
[Date "2020.08.09"]
[Round "7"]
[White "Yeetamus123"]
[Black "Jeffchess"]
[Result "0-1"]
[ICCResult "White resigns"]
[WhiteElo "1088"]
[BlackElo "1373"]
[Opening "Caro-Kann defense"]
[ECO "B12"]
[NIC "CK.01"]
[Time "12:02:51"]
[TimeControl "3600+10"]

1. e4 c6 2. d4 a5 3. Nf3 e6 4. c4 a4 5. Nc3 a3 6. b3 Ne7 7. e5 b6 8. Bg5 h6
9. Bh4 Qc7 10. Be2 Nf5 11. Bg3 Nxg3 12. fxg3 d6 13. O-O d5 14. cxd5 exd5 15.
Rc1 Bb4 16. Nxd5 Qb7 17. Nxb4 O-O 18. Nh4 Rd8 19. Bf3 Bd7 20. Be4 Be8 21.
Qf3 Rc8 22. d5 Qe7 23. Nxc6 Nxc6 24. dxc6 Ra7 25. Rfe1 Rac7 26. Bd5 Kh8 27.
Nf5 Qb4 28. Nd6 Rd8 29. Bxf7 Bxc6 30. Qf2 Rf8 31. Rf1 Bb5 32. Rxc7 Bxf1 33.
Qxf1 Qd4+ 34. Qf2 Qxe5 35. Rd7 Qa1+ 36. Qf1 Qxa2 37. Nf5 Qb2 38. Bc4 Ra8 39.
Rd1 a2 40. Ra1 Rf8 41. b4 Rxf5 42. Qe1 Qd4+ 43. Kh1 Qxc4 44. Rc1 Qd3 45. g4
Rd5 46. h4 Rd8 47. g5 hxg5 48. hxg5 Qd2 49. Qg1 Qxg5 50. Ra1 Qh4+ 51. Qh2
Qxh2+ 52. Kxh2 Rd2 53. Kg3 Rb2 54. Kf3 Kh7 55. g4 Kg6 56. Ke3 Kg5 57. Kf3
Rb3+ 58. Ke2 Rb2+ 59. Kd3 Kxg4 60. Kc3 Rg2 61. Kb3 Kf4 62. Rxa2 Rxa2 63.
Kxa2 g5 64. Ka3 g4 65. Ka4 g3 {White resigns} 0-1

[Event "ICC tourney 1954 (60 10)"]
[Site "Internet Chess Club"]
[Date "2020.08.09"]
[Round "7"]
[White "FishBoy"]
[Black "ABecker755"]
[Result "0-1"]
[ICCResult "White resigns"]
[WhiteElo "1110"]
[BlackElo "1376"]
[Opening "Queen's pawn"]
[ECO "A40"]
[NIC "QO.17"]
[Time "12:02:05"]
[TimeControl "3600+10"]

1. d4 e6 2. Nf3 c5 3. Bf4 Qb6 4. b3 cxd4 5. Nxd4 Bc5 6. e3 Nc6 7. Nb5 e5 8.
Bg3 a6 9. Nd6+ Bxd6 10. Qxd6 Qb4+ 11. Qxb4 Nxb4 12. Bd3 f6 13. Nc3 Ne7 14.
O-O Nxd3 15. cxd3 O-O 16. e4 b5 17. Rfd1 Bb7 18. f3 d5 19. Rac1 d4 20. Ne2
Rac8 21. Be1 Kf7 22. Bb4 Rxc1 23. Rxc1 Rc8 24. Kf2 Rxc1 25. Nxc1 Nc6 26. Bd2
a5 27. f4 b4 28. g3 Ba6 29. f5 Nb8 30. g4 Nd7 31. h4 Nc5 32. Ke2 Nxe4 33.
Be1 Nc5 34. Bf2 Ke7 35. Be1 Kd6 36. Bf2 Kd5 37. g5 e4 38. gxf6 gxf6 39. Bg3
exd3+ 40. Kd2 Ne4+ 41. Ke1 Nxg3 42. Kf2 Nxf5 43. h5 d2 {White resigns} 0-1

[Event "ICC tourney 1954 (60 10)"]
[Site "Internet Chess Club"]
[Date "2020.08.09"]
[Round "7"]
[White "tarunrswami"]
[Black "meahulm"]
[Result "0-1"]
[ICCResult "White checkmated"]
[WhiteElo "795"]
[BlackElo "996"]
[Opening "Giuoco Piano"]
[ECO "C54"]
[NIC "IG.02"]
[Time "12:03:36"]
[TimeControl "3600+10"]

1. e4 e5 2. Nf3 Nc6 3. Bc4 Bc5 4. c3 Nf6 5. d3 h6 6. Nbd2 O-O 7. Bb3 d6 8.
h3 Be6 9. Nf1 d5 10. exd5 Nxd5 11. Bxd5 Bxd5 12. Ng3 Re8 13. O-O Qd7 14. Nh4
Rad8 15. Ngf5 Be6 16. Qg4 Bxf5 17. Nxf5 Bf8 18. Bxh6 g6 19. Bxf8 Kxf8 20.
Ne3 Qxg4 21. Nxg4 Rxd3 22. Rfe1 Rd2 23. Rab1 f5 24. Nf6 Red8 25. Nh7+ Kg7
26. Ng5 Kf6 27. Nf3 Rc2 28. Kh2 e4 29. Ng1 Rxf2 30. Re2 Rxe2 31. Nxe2 Rd2
32. Nf4 g5 33. Nh5+ Ke5 34. Ng7 e3 35. Ne8 e2 36. Rg1 Rd1 37. Rxd1 exd1=Q
38. Nxc7 Ke4 39. Ne6 Qd6+ 40. Kh1 Qxe6 41. Kh2 Qe5+ 42. Kh1 Ke3 43. Kg1 f4
44. Kf1 f3 45. gxf3 Kxf3 46. Kg1 Qe2 47. Kh1 Qg2# {White checkmated} 0-1

[Event "ICC tourney 1954 (60 10)"]
[Site "Internet Chess Club"]
[Date "2020.08.09"]
[Round "7"]
[White "Siritnt"]
[Black "ayanloveschess"]
[Result "1-0"]
[ICCResult "Black resigns"]
[WhiteElo "932"]
[BlackElo "690"]
[Opening "Ruy Lopez: exchange variation, 5.O-O"]
[ECO "C68"]
[NIC "RL.08"]
[Time "12:02:57"]
[TimeControl "3600+10"]

1. e4 e5 2. Nf3 Nc6 3. Bb5 a6 4. Bxc6 dxc6 5. O-O Bg4 6. h3 Bh5 7. Nc3 Nf6
8. d3 Bb4 9. Bd2 h6 10. a3 Bxc3 11. Bxc3 Qd6 12. Re1 Nd7 13. Re3 O-O-O 14.
b4 c5 15. Qd2 Bxf3 16. Rxf3 f6 17. Rd1 cxb4 18. axb4 Nb6 19. Bb2 Nc4 20. Qc3
Nxb2 21. Qxb2 Qd4 22. Qxd4 Rxd4 23. c3 Rd6 24. Rg3 g5 25. c4 Rhd8 26. c5 Rd4
27. Rf3 Rf8 28. Rb1 c6 29. Kf1 Kd7 30. Ke2 Ke6 31. Ke3 Rfd8 32. Ke2 h5 33.
g4 h4 34. Rb3 Kd7 35. Rxf6 Re8 36. Rf5 Rg8 37. Rxe5 Kc7 38. Re7+ Kc8 39. Ke3
Rd7 40. Rxd7 Kxd7 41. f4 gxf4+ 42. Kxf4 Ke6 43. d4 Rg7 44. Rd3 Rd7 45. Kg5
Rh7 46. d5+ cxd5 47. exd5+ Kd7 48. Kf6 Rh6+ 49. Kg7 {Black resigns} 1-0

[Event "ICC tourney 1954 (60 10)"]
[Site "Internet Chess Club"]
[Date "2020.08.09"]
[Round "7"]
[White "SreeVSundaram"]
[Black "ronTic"]
[Result "1-0"]
[ICCResult "Black resigns"]
[WhiteElo "672"]
[BlackElo "1157"]
[Opening "Nimzo-Indian defense"]
[ECO "E20"]
[NIC "NI.30"]
[Time "12:02:57"]
[TimeControl "3600+10"]

1. d4 Nf6 2. c4 e6 3. Nc3 Bb4 4. Bd2 c5 5. e3 Nc6 6. Nf3 cxd4 7. exd4 O-O 8.
Bd3 h6 9. O-O d5 10. cxd5 Nxd5 11. a3 Bxc3 12. bxc3 b6 13. c4 Nf6 14. Bc3
Bb7 15. Re1 Ne7 16. a4 Rc8 17. Bb4 Re8 18. Rc1 Nc6 19. Ba3 Kh8 20. Bb2 Rc7
21. Bc2 Rd7 22. h3 Qc7 23. Bb1 Qd8 24. Ne5 Nxe5 25. Rxe5 Rxd4 26. Bxd4
{Black resigns}
1-0

[Event "ICC tourney 1954 (60 10)"]
[Site "Internet Chess Club"]
[Date "2020.08.09"]
[Round "7"]
[White "haarim"]
[Black "agrimjax1"]
[Result "0-1"]
[ICCResult "White resigns"]
[WhiteElo "1114"]
[BlackElo "1256"]
[Opening "Scotch gambit: Dubois-Réti defense"]
[ECO "C55"]
[NIC "KP.02"]
[Time "12:02:33"]
[TimeControl "3600+10"]

1. e4 e5 2. Nf3 Nc6 3. d4 exd4 4. Bc4 Nf6 5. e5 d5 6. Bb5 Ne4 7. Nxd4 Bd7 8.
Bxc6 Bxc6 9. Nxc6 bxc6 10. Be3 Be7 11. O-O O-O 12. Nd2 Nxd2 13. Qxd2 Rb8 14.
c3 c5 15. Rad1 c6 16. f4 Qb6 17. b3 f5 18. Rf3 a5 19. Rb1 a4 20. Bf2 a3 21.
Re1 Qb5 22. Qe2 Qxe2 23. Rxe2 c4 24. b4 Rb5 25. Rd2 Rd8 26. g3 c5 27. Bxc5
Bxc5+ 28. bxc5 Rxc5 29. Rf1 Rb8 30. Kf2 Kf7 31. Ke3 Ke6 32. Rdd1 Rcb5 33.
Rd2 Rb2 34. Rxb2 Rxb2 35. Rf2 d4+ 36. cxd4 c3 37. Rf1 Rxa2 38. Kd3 Rxh2 39.
Kxc3 a2 40. Kc4 Rc2+ 41. Kb3 Rg2 42. Re1 Rxg3+ 43. Kxa2 Rd3 44. Rb1 Rxd4 45.
Rb6+ Ke7 46. Rb7+ Rd7 47. Rb6 Rd4 48. Rb7+ Ke6 49. Rb6+ Kf7 50. Rb7+ Kg6 51.
Rb6+ Kh5 52. e6 Rxf4 53. e7 Re4 54. Rb7 g5 55. Kb3 g4 56. Kc2 g3 57. e8=Q+
Rxe8 58. Rxh7+ Kg4 59. Rg7+ Kf3 {White resigns} 0-1

[Event "ICC tourney 1954 (60 10)"]
[Site "Internet Chess Club"]
[Date "2020.08.09"]
[Round "7"]
[White "falcon2020"]
[Black "ThanhPoertner"]
[Result "0-1"]
[ICCResult "White checkmated"]
[WhiteElo "1173"]
[BlackElo "1000"]
[Opening "Queen's pawn, Mason variation"]
[ECO "D00"]
[NIC "QP.08"]
[Time "12:02:33"]
[TimeControl "3600+10"]

1. d4 d5 2. Bf4 e6 3. e3 Nf6 4. Nd2 Bd6 5. Bg3 Bxg3 6. hxg3 Nbd7 7. Ngf3 c6
8. Bd3 a6 9. c4 dxc4 10. Nxc4 Nb6 11. Qb3 Nxc4 12. Bxc4 b5 13. Bd3 Rb8 14.
Qc2 Bb7 15. Ng5 h6 16. Nf3 Rc8 17. a4 Qa5+ 18. Qd2 Qb6 19. a5 Qc7 20. Rc1
Rd8 21. Ne5 Nd7 22. Qc3 Nxe5 23. dxe5 b4 24. Qb3 Qxa5 25. f4 Qb6 26. Ke2 a5
27. Rhf1 Rxd3 28. Kxd3 Ba6+ 29. Kc2 Bxf1 30. Rxf1 O-O 31. Kb1 Qb5 32. Re1 a4
33. Qc2 c5 34. Rh1 c4 35. g4 Qc6 36. g5 b3 37. Qc1 Qxg2 38. gxh6 a3 39. Rg1
Qe4+ 40. Ka1 axb2+ 41. Kxb2 Ra8 42. Rxg7+ Kh8 43. Qb1 Ra2+ 44. Qxa2 Qc2+ 45.
Ka3 Qxa2+ 46. Kb4 b2 47. Rg1 Qb3+ 48. Ka5 Qxe3 49. Rb1 Qc3+ 50. Kb5 Qd3 51.
Rg1 c3+ 52. Kc6 c2 53. Rg8+ Kxg8 54. h7+ Kxh7 55. f5 c1=Q+ 56. Kb6 b1=Q+ 57.
Ka7 Qda3# {White checkmated} 0-1

[Event "ICC tourney 1954 (60 10)"]
[Site "Internet Chess Club"]
[Date "2020.08.09"]
[Round "7"]
[White "shawnchicken"]
[Black "GreSci"]
[Result "0-1"]
[ICCResult "White resigns"]
[WhiteElo "1285"]
[BlackElo "1140"]
[Opening "Nimzo-Indian: classical variation"]
[ECO "E32"]
[NIC "NI.24"]
[Time "12:02:57"]
[TimeControl "3600+10"]

1. d4 e6 2. c4 Nf6 3. Nc3 Bb4 4. Qc2 c6 5. Bg5 d5 6. Nf3 h6 7. Bh4 Be7 8. e3
Nbd7 9. Be2 Nf8 10. Ne5 N8d7 11. Nxd7 Bxd7 12. Rd1 dxc4 13. Bxc4 b5 14. Bd3
O-O 15. O-O a6 16. e4 Rc8 17. Qb1 c5 18. dxc5 Rxc5 19. Rd2 Qc7 20. f4 Re8
21. Rfd1 Bc6 22. Bxf6 Bxf6 23. e5 Be7 24. Rc1 Bb7 25. Rcd1 f6 26. Bg6 Rd8
27. Rxd8+ Bxd8 28. Qd3 Bd5 29. Qh3 Qb6 30. Kh1 Qc6 31. f5 fxe5 32. fxe6 Bf6
33. Qd3 e4 34. Nxe4 Rc1 35. Nxf6+ gxf6 36. Qxd5 Qxd5 37. Bf7+ Kg7 38. Rxc1
Qb7 39. Rd1 Qc6 40. h3 f5 41. Re1 Kf8 42. e7+ Kxf7 43. e8=Q+ Qxe8 44. Rxe8
Kxe8 45. Kh2 Ke7 46. Kg3 Ke6 47. Kf4 a5 48. Ke3 Ke5 49. Kf3 b4 50. g4 a4 51.
Kg3 a3 52. b3 fxg4 53. Kxg4 Kd4 54. Kh5 Kc3 55. Kxh6 Kb2 56. h4 Kxa2 57. h5
Kxb3 58. Kg6 a2 59. h6 a1=Q {White resigns} 0-1

[Event "ICC tourney 1954 (60 10)"]
[Site "Internet Chess Club"]
[Date "2020.08.09"]
[Round "7"]
[White "nbhate"]
[Black "sskavin14"]
[Result "1-0"]
[ICCResult "Black checkmated"]
[WhiteElo "1232"]
[BlackElo "888"]
[Opening "English: Sicilian reversed"]
[ECO "A25"]
[NIC "EO.20"]
[Time "12:02:17"]
[TimeControl "3600+10"]

1. c4 e5 2. Nc3 Nc6 3. g3 Nf6 4. Bh3 b6 5. Bg2 Bb7 6. e3 Bc5 7. Nge2 Ba6 8.
b3 Rc8 9. a3 Bd6 10. O-O O-O 11. Bb2 Re8 12. d4 exd4 13. exd4 Na5 14. d5 c5
15. Bc1 h6 16. Rb1 Qe7 17. Qc2 Be5 18. Bd2 Bd6 19. Rbc1 Rb8 20. Rce1 Qf8 21.
h3 Bc7 22. f4 Re7 23. g4 Ree8 24. g5 hxg5 25. fxg5 Nh5 26. Ne4 Be5 27. Bf3
Nf6 28. gxf6 Bxf6 29. Nxf6+ gxf6 30. Kh2 Re5 31. Rg1+ Kh8 32. Rg4 Qd6 33.
Bf4 Nb7 34. Ng3 Qc7 35. Rh4+ Kg8 36. Qh7+ Kf8 37. Qh8+ Ke7 38. Nf5#
{Black checkmated}
1-0

[Event "ICC tourney 1954 (60 10)"]
[Site "Internet Chess Club"]
[Date "2020.08.09"]
[Round "7"]
[White "joeandjoe28"]
[Black "shravanr"]
[Result "1/2-1/2"]
[ICCResult "Game drawn by mutual agreement"]
[WhiteElo "1389"]
[BlackElo "1391"]
[Opening "Ruy Lopez: open (Tarrasch) defense"]
[ECO "C80"]
[NIC "RL.27"]
[Time "12:02:37"]
[TimeControl "3600+10"]

1. e4 e5 2. Nf3 Nc6 3. Bb5 a6 4. Ba4 Nf6 5. O-O Nxe4 6. Re1 Nf6 7. Nxe5 Be7
8. d4 O-O 9. Bg5 h6 10. Bh4 b5 11. Bb3 Bb7 12. Ng6 Re8 13. Nxe7+ Rxe7 14.
Rxe7 Qxe7 15. Nc3 Qd6 16. Bxf6 Qxf6 17. Bd5 Qg5 18. Qf3 Rf8 19. Ne4 Qh4 20.
Rd1 Qe7 21. h3 Re8 22. c3 Nxd4 23. Rxd4 Bxd5 24. Rxd5 Qxe4 25. Qxe4 Rxe4 26.
Rxd7 Re1+ 27. Kh2 Re2 28. Rxc7 Rxb2 29. c4 Rxa2 30. cxb5 axb5 31. Kg3 b4 32.
Rc1 b3 33. Rb1 Kf8 34. Rxb3 Ra8 35. Kf3 g5 36. g4 Ke7 37. Rb6
{Game drawn by mutual agreement}
1/2-1/2

[Event "ICC tourney 1954 (60 10)"]
[Site "Internet Chess Club"]
[Date "2020.08.09"]
[Round "7"]
[White "catseyenebula"]
[Black "royayush"]
[Result "1-0"]
[ICCResult "Black checkmated"]
[WhiteElo "1226"]
[BlackElo "1320"]
[Opening "Réti opening"]
[ECO "A30"]
[NIC "QP.10"]
[Time "12:02:04"]
[TimeControl "3600+10"]

1. Nf3 c5 2. c4 d6 3. d4 cxd4 4. Nxd4 Nc6 5. Nc3 Nf6 6. e4 e6 7. Be2 Be7 8.
Be3 O-O 9. O-O Bd7 10. Qd2 Nxd4 11. Bxd4 Bc6 12. Bxf6 Bxf6 13. f3 Qb6+ 14.
Kh1 Rad8 15. a3 d5 16. cxd5 exd5 17. exd5 Bxc3 18. Qxc3 Bxd5 19. Rfd1 Bc6
20. Bc4 Rc8 21. Qd4 Qc7 22. Qxa7 Ra8 23. Qc5 Rac8 24. b3 Rfe8 25. a4 Qb8 26.
Qf5 Qc7 27. Rac1 Qe7 28. h3 g6 29. Qd3 Qf6 30. Bb5 Bxb5 31. Qxb5 Qe7 32.
Rxc8 Rxc8 33. Qd7 Qxd7 34. Rxd7 Rb8 35. Kg1 Kg7 36. Kf2 b6 37. Ke3 Kf6 38.
Kd4 Ke6 39. Rc7 Rd8+ 40. Kc4 Rd2 41. Rc6+ Kd7 42. Rxb6 Rxg2 43. a5 Rc2+ 44.
Kb5 Rc7 45. a6 Kc8 46. Rc6 Kb8 47. Rxc7 Kxc7 48. Kc5 f5 49. b4 h5 50. Kd5 g5
51. Ke5 g4 52. fxg4 hxg4 53. hxg4 fxg4 54. Kf4 Kb6 55. b5 Ka7 56. Kxg4 Kb6
57. Kf5 Ka7 58. Ke6 Kb6 59. Kd6 Ka7 60. Kc6 Kb8 61. b6 Ka8 62. b7+ Ka7 63.
Kc7 Kxa6 64. b8=Q Ka5 65. Qb3 Ka6 66. Qa4# {Black checkmated} 1-0

[Event "ICC tourney 1954 (60 10)"]
[Site "Internet Chess Club"]
[Date "2020.08.09"]
[Round "7"]
[White "Andrew588"]
[Black "guyd52"]
[Result "0-1"]
[ICCResult "White checkmated"]
[WhiteElo "1182"]
[BlackElo "1004"]
[Opening "Robatsch (modern) defense"]
[ECO "B06"]
[NIC "KF.06"]
[Time "12:02:22"]
[TimeControl "3600+10"]

1. e4 g6 2. Nf3 Bg7 3. g3 d6 4. Bg2 Nf6 5. d3 O-O 6. Bg5 Nbd7 7. O-O e5 8.
Nbd2 h6 9. Be3 a5 10. c3 c5 11. Nc4 b5 12. Nxd6 Ba6 13. c4 b4 14. a3 Qb6 15.
Nb5 Bxb5 16. cxb5 Qxb5 17. a4 Qc6 18. b3 Ng4 19. Nd2 Nxe3 20. fxe3 h5 21.
Nc4 Nb6 22. Rc1 Rfc8 23. d4 exd4 24. exd4 Bxd4+ 25. Kh1 Nxc4 26. Rxc4 Qe8
27. Qf3 Ra6 28. Bh3 Rc7 29. Qf4 Re7 30. Bg2 Kg7 31. Rf3 Rf6 32. Qh4 Rxe4 33.
Qg5 Rxf3 34. Bxf3 Re1+ 35. Kg2 Rg1+ 36. Kh3 Qe3 37. Qd5 Rb1 38. Rc2 Qxb3 39.
Re2 Qxd5 40. Bxd5 Ra1 41. Bb3 Rf1 42. Re7 Kh6 43. Kg2 Rf2+ 44. Kh3 f5 45.
Bd5 Kg5 46. Bf7 Kf6 47. Rd7 Re2 48. Bg8 Re7 49. Rxe7 Kxe7 50. Kg2 g5 51. h4
gxh4 52. gxh4 f4 53. Kf3 Be3 54. Ke4 Kd6 55. Bb3 Ke7 56. Bc4 Kf6 57. Bb3 Kg6
58. Bc4 Kh6 59. Bb3 Bf2 60. Kxf4 Bxh4 61. Kf3 Bf6 62. Kg2 h4 63. Kh3 Kg5 64.
Bc4 Kf4 65. Bb3 Ke3 66. Bc4 Kd4 67. Bb3 c4 68. Bc2 b3 69. Bb1 c3 70. Kh2 c2
71. Bxc2 bxc2 72. Kh3 c1=Q 73. Kg4 Qg5+ 74. Kh3 Qg3# {White checkmated} 0-1

[Event "ICC tourney 1954 (60 10)"]
[Site "Internet Chess Club"]
[Date "2020.08.09"]
[Round "7"]
[White "luciapanda"]
[Black "yashvi"]
[Result "1-0"]
[ICCResult "Black checkmated"]
[WhiteElo "1073"]
[BlackElo "1268"]
[Opening "French: exchange variation"]
[ECO "C01"]
[NIC "QO.17"]
[Time "12:02:46"]
[TimeControl "3600+10"]

1. d4 e6 2. e4 d5 3. exd5 exd5 4. Nf3 Nf6 5. Nc3 Bb4 6. Bd2 O-O 7. Be2 Re8
8. O-O Nc6 9. a3 Bxc3 10. Bxc3 Bf5 11. Bd3 Bxd3 12. Qxd3 h6 13. Rfe1 Qd7 14.
b4 a6 15. Bd2 Ne4 16. Ne5 Nxe5 17. dxe5 Rxe5 18. f3 Qe7 19. fxe4 dxe4 20.
Qc3 Rc8 21. Qc4 e3 22. Bc3 Re4 23. Qd5 e2 24. Qxb7 Rd8 25. Qxa6 Rf4 26. Rxe2
Qg5 27. Qc6 Rf5 28. Qxc7 g6 29. Re7 Rf8 30. Re5 Qf4 31. Qc5 Rxe5 32. Qxe5
Qxe5 33. Bxe5 Re8 34. Bf4 g5 35. Bd6 Rc8 36. Rc1 Ra8 37. b5 Rd8 38. Bc7 Rc8
39. b6 Re8 40. b7 Kh7 41. a4 Kg6 42. a5 Kh7 43. a6 Kg6 44. a7 Kh7 45. b8=Q
Rxb8 46. axb8=Q Kg6 47. Qg8+ Kf6 48. Re1 Kf5 49. Qxf7+ Kg4 50. Qf3+ Kh4 51.
Re4+ g4 52. Qxg4# {Black checkmated} 1-0

[Event "ICC tourney 1954 (60 10)"]
[Site "Internet Chess Club"]
[Date "2020.08.09"]
[Round "7"]
[White "buptwy"]
[Black "nguyencaptures"]
[Result "1/2-1/2"]
[ICCResult "Game drawn because neither player has mating material"]
[WhiteElo "587"]
[BlackElo "1116"]
[Opening "Ruy Lopez: closed, 9.h3"]
[ECO "C92"]
[NIC "RL.21"]
[Time "12:02:44"]
[TimeControl "3600+10"]

1. e4 e5 2. Nf3 Nc6 3. Bb5 a6 4. Ba4 Nf6 5. O-O b5 6. Bb3 Be7 7. Re1 O-O 8.
c3 d6 9. h3 Rb8 10. d4 exd4 11. cxd4 Bb7 12. Nbd2 h6 13. Nf1 Na5 14. Bc2 c5
15. d5 Qd7 16. b3 Ba8 17. Ng3 b4 18. Nf5 Bd8 19. Bf4 Bc7 20. Qe2 Rfe8 21.
Qxa6 Rb5 22. Bd3 Rbb8 23. Bxd6 Rb6 24. Qxa5 Rxd6 25. Qb5 Qxb5 26. Bxb5 Rxe4
27. Nxd6 Bxd6 28. Rxe4 Nxe4 29. Bc6 Bxc6 30. dxc6 Kf8 31. Kf1 f5 32. Rd1 Ke7
33. Re1 Kd8 34. Rd1 Kc7 35. Nd2 Nc3 36. Re1 Nxa2 37. Re6 Bf4 38. Nc4 Nc1 39.
Na5 Bg5 40. g3 Bd8 41. Ke1 Kb6 42. Kd2 Na2 43. Nb7 Bg5+ 44. f4 Bf6 45. Kd3
Nc1+ 46. Kc4 Bd4 47. Na5 Bf6 48. Kd5 Bd8 49. Nb7 Bc7 50. Kc4 Na2 51. Kd5
Nc3+ 52. Kc4 Ne4 53. g4 fxg4 54. hxg4 Nd2+ 55. Kd3 Nxb3 56. Kc4 Nd4 57. Rg6
Bxf4 58. Rxg7 Kxc6 59. Nxc5 Be3 60. Kxb4 Nc2+ 61. Kc3 Bd4+ 62. Kxc2 Bxg7 63.
Ne6 Bf6 64. Kd3 Kd6 65. Nf4 Bg5 66. Ke4 Ke7 67. Kf5 Bxf4 68. Kxf4 Kf7 69.
Kf5 Kg7 70. Ke5 Kg6 71. Kf4 Kf6 72. Kg3 Kg5 73. Kh3 Kg6 74. Kh4 Kh7 75. Kh5
Kg7 76. g5 hxg5 77. Kxg5 {Game drawn because neither player has mating
material} 1/2-1/2

[Event "ICC tourney 1954 (60 10)"]
[Site "Internet Chess Club"]
[Date "2020.08.09"]
[Round "7"]
[White "auggie29"]
[Black "meisterpatzer"]
[Result "0-1"]
[ICCResult "White checkmated"]
[WhiteElo "1042"]
[BlackElo "1354"]
[Opening "Queen's bishop game"]
[ECO "A45"]
[NIC "QP.07"]
[Time "12:02:45"]
[TimeControl "3600+10"]

1. d4 Nf6 2. Bf4 d5 3. Nf3 e6 4. e3 Bb4+ 5. c3 Be7 6. Be2 O-O 7. O-O c5 8.
c4 Nbd7 9. Nc3 b6 10. Nb5 Ne8 11. Bd3 a6 12. Nc3 Nef6 13. Qc2 g6 14. h3 Bb7
15. Bh6 Re8 16. Rfe1 dxc4 17. Bxc4 b5 18. Be2 b4 19. Na4 cxd4 20. exd4 Rc8
21. Qd2 Ne4 22. Qe3 Ndf6 23. Bd3 Qa5 24. Bxe4 Nxe4 25. Nc5 Bxc5 26. dxc5
Qxc5 27. Qxc5 Rxc5 28. Rac1 Rec8 29. Rxc5 Rxc5 30. Rd1 Bd5 31. b3 f6 32. Bd2
a5 33. Nd4 e5 34. Nf3 Nc3 35. Bxc3 bxc3 36. Rc1 Bxf3 37. gxf3 c2 38. Kf1 Rc3
39. Ke2 Kf7 40. Kd2 Rxf3 41. Kxc2 Rxf2+ 42. Kb1 Ke6 43. h4 e4 44. Rc6+ Kd5
45. Rc7 e3 46. Rxh7 e2 47. Kb2 e1=Q+ 48. Ka3 Qb4# {White checkmated} 0-1

[Event "ICC tourney 1954 (60 10)"]
[Site "Internet Chess Club"]
[Date "2020.08.09"]
[Round "7"]
[White "oxdidi"]
[Black "GoFest04"]
[Result "0-1"]
[ICCResult "White resigns"]
[WhiteElo "1320"]
[BlackElo "1097"]
[Opening "Caro-Kann: advance variation"]
[ECO "B12"]
[NIC "CK.04"]
[Time "12:02:46"]
[TimeControl "3600+10"]

1. e4 c6 2. d4 d5 3. e5 Bf5 4. Nf3 e6 5. Nc3 Nd7 6. Be2 c5 7. Be3 cxd4 8.
Bxd4 Ne7 9. Qd2 Nc6 10. O-O-O Nxd4 11. Qxd4 Bc5 12. Qf4 Bxf2 13. Nxd5 Qc8
14. c3 Qc5 15. Rhf1 Bg6 16. b4 Qc6 17. Rxf2 exd5 18. Qd2 Rc8 19. Kb2 Nb6 20.
Rc1 Na4+ 21. Kb3 Nb6 22. Kb2 Nc4+ 23. Bxc4 Qxc4 24. Re2 O-O 25. e6 fxe6 26.
Rxe6 Bf7 27. Ree1 d4 28. Ka1 dxc3 29. Qc2 Bg6 30. Qf2 c2 31. Qd4 Qxd4+ 32.
Nxd4 Rfd8 33. Ne6 Rd2 34. Nf4 Rcd8 35. Kb2 Bf5 36. h3 Rd1 37. g4 Rxe1 38.
Rxe1 Rd1 39. Nd3 Bxd3 40. Re8+ Kf7 41. Rc8 c1=Q+ 42. Rxc1 Rxc1 43. Kxc1 Kg6
44. Kd2 Bf1 45. h4 Bh3 46. g5 Kh5 47. Kc3 Kxh4 48. Kc4 Kxg5 49. Kc5 h5 50.
Kd6 Bg2 51. Kc7 h4 52. Kb8 a6 53. Ka7 h3 {White resigns} 0-1